 Dungeon Crawl Stone Soup version 0.28.0-53-g5a82cb258f (webtiles) character file.

Game seed: 1856441453158400804

3214 Stomo the Transmogrifier (level 9, -12/88 HPs)
             Began as an Ogre Transmuter on July 2, 2022.
             Was an Initiate of the Shining One.
             Mangled by Harold
             ... wielding a +0 trident of protection
              (19 damage)
             ... on level 7 of the Dungeon.
             The game lasted 00:15:46 (10853 turns).

Stomo the Transmogrifier (Ogre Transmuter)         Turns: 10853, Time: 00:15:46

Health: -12/88     AC:  6    Str: 20    XL:     9   Next: 97%
Magic:  26/29      EV: 20    Int: 14    God:    the Shining One [......]
Gold:   414        SH:  0    Dex: 14    Spells: 15/23 levels left

rFire   . . .      SeeInvis .     - Unarmed
rCold   . . .      Faith    .   (shield currently unavailable)
rNeg    . . .      Spirit   .   (armour currently unavailable)
rPois   x          Reflect  .   (helmet currently unavailable)
rElec   .          Harm     .   (cloak currently unavailable)
rCorr   .          Rampage  .   (gloves unavailable)
Will    .....                   (boots unavailable)
Stlth   +.........              (no amulet)
HPRegen 0.24/turn               u - ring of magical power
MPRegen 0.21/turn               y - +4 ring of protection

@: spider-form, marked, glowing
A: venomous fangs, tiny, unfitting armour, (tough skin 1)
a: End Transformation, Renounce Religion


You were on level 7 of the Dungeon.
You worshipped the Shining One.
The Shining One was noncommittal.
You were a venomous arachnid creature.
You visited 2 branches of the dungeon, and saw 10 of its levels.

You collected 414 gold pieces.

Inventory:

Missiles
 q - 2 throwing nets
Armour
 a - a +0 robe (melded)
 l - a +0 cloak (melded)
 o - a +0 cloak
 t - a +0 pair of gloves
Jewellery
 f - an amulet of guardian spirit
 u - a ring of magical power (left front leg)
 x - a ring of protection from fire
 y - a +4 ring of protection (right front leg)
Wands
 v - a wand of paralysis (12)
Scrolls
 b - 2 scrolls of fear
 c - 3 scrolls of teleportation {unknown}
 d - a scroll of enchant armour {unknown}
 e - a scroll of acquirement {unknown}
 k - 6 scrolls of identify {unknown}
 m - 3 scrolls of vulnerability {unknown}
 p - a scroll of holy word {unknown}
 s - a scroll of summoning {unknown}
 w - a scroll of fog {unknown}
Potions
 g - 3 potions of flight {unknown}
 h - 4 potions of degeneration {unknown}
 i - a potion of lignification {unknown}
 j - a potion of curing
 n - 2 potions of heal wounds {unknown}
 r - a potion of mutation {unknown}


   Skills:
 + Level 5.4 Fighting
 + Level 4.0 Dodging
 + Level 4.4 Unarmed Combat
 - Level 7.5 Spellcasting
 - Level 8.6 Transmutations
 * Level 3.4 Invocations


You had 15 spell levels left.
You knew the following spells:

 Your Spells              Type           Power      Damage    Failure   Level
a - Beastly Appendage     Tmut           58%        N/A       3%          1
b - Spider Form           Tmut/Pois      17%        N/A       19%         3
c - Ice Form              Ice/Tmut       17%        N/A       43%         4

Your spell library contained the following spells:

 Spells                   Type           Power      Damage    Failure   Level
 Wereblood                Tmut           29%        N/A       3%          2
 Animate Skeleton         Necr           10%        N/A       32%         1
 Freeze                   Ice            20%        1d4       32%         1
 Pain                     Necr           20%        1d5       32%         1
 Confusing Touch          Hex            5%         N/A       61%         3
 Frozen Ramparts          Ice            10%        1d3       61%         3
 Vampiric Draining        Necr           5%         2d6       61%         3
 Yara's Violent Unravell  Hex/Tmut       8%         3d5       75%         5
 Hailstorm                Conj/Ice       5%         3d4       92%         4
 Enfeeble                 Hex            2%         N/A       100%        7


Dungeon Overview and Level Annotations

Branches:
Dungeon (9/15)             Temple (1/1) D:6
   Lair: D:8-11         Orc: D:9-12

Altars:
Ashenzari
Cheibriados
Dithmenos
Elyvilon
Fedhas
Gozag
Hepliaklqana
Makhleb
Okawaru
Qazlal
Ru
Sif Muna
Trog
Uskayaw
Vehumet
Xom
Yredelemnul
Zin
The Shining One

Shops:
D:5 =*?*   D:6 *

Annotations:
D:7 Harold


Innate Abilities, Weirdness & Mutations

You are a venomous arachnid creature.
You have poisonous fangs.
You are tiny and dextrous.
Your spellcasting is less reliable in this form.
Your armour is entirely melded.
You are incapable of wielding weapons or throwing items.
You are too large for most types of armour.
((You have tough skin. (AC +1)))


Message History

Harold hits you with a +0 trident of protection.
You hit Harold but do no damage.
Harold points at you and mumbles some strange words.
A sentinel's mark forms upon you.
You hit Harold.
Harold is poisoned.
Harold is lightly wounded.
Harold hits you with a +0 trident of protection!
You completely miss Harold.
Harold is lightly wounded.
You completely miss Harold.
Harold is lightly wounded.
Harold hits you with a +0 trident of protection!
Unknown command.
You hit Harold.
Harold looks as sick as possible!
Harold is lightly wounded.
Harold closely misses you.
You bite Harold!
Harold looks as sick as possible!
Harold is moderately wounded.
Harold barely misses you.
Unknown command.
You hit Harold but do no damage.
Harold looks as sick as possible!
Harold is moderately wounded.
Harold hits you with a +0 trident of protection!
Your magical contamination has completely faded away.
You hit Harold but do no damage.
Harold is moderately wounded.
Harold misses you.
You bite Harold!
Harold looks as sick as possible!
Harold is heavily wounded.
Harold hits you with a +0 trident of protection.
* * * LOW HITPOINT WARNING * * *
Harold closely misses you.
Things that are here:
a +0 club; a gnoll skeleton Harold fires a harpoon shot at you.
The harpoon shot hits you!
* * * LOW HITPOINT WARNING * * *
You are yanked forward by the harpoon shot.
Harold hits you from afar with a +0 trident of protection!!
You die...

....#........#.#...# #.#
....#........#.....# #.#
....#........##.<..###.#
#####........##.....>..#
#........###..(#####
############...#
#..........[.#
#............#
#.........s))#
#..........))#
#........@..>#####
#####...........)....#
#...)................#
##.##................#
#<.##................#
###..##................#
.....#####...###.......#


You could see Harold (extremely poisoned).

Vanquished Creatures
  Pikel (D:7)
  Joseph (D:7)
  Sigmund (D:6)
  2 water moccasins
  2 orc warriors (D:7)
  An ice beast (D:6)
  A black bear (D:6)
  A sky beast (D:3)
  A centaur (D:6)
  2 necrophages
  2 scorpions
  2 bullfrogs
  A water moccasin skeleton (D:4)
  3 killer bees (D:8)
  3 wights
  A centaur zombie (D:7)
  A hound (D:5)
  A bullfrog skeleton (D:6)
  A gnoll shaman (D:5)
  4 orc priests
  6 iguanas
  2 orc wizards (D:7)
  A scorpion zombie (D:5)
  2 killer bee zombies
  A hound skeleton (D:4)
  A hound zombie (D:5)
  14 gnolls
  2 howler monkey skeletons
  8 adders
  A shadow imp (D:6)
  An ufetubus (D:6)
  2 worms
  A dart slug (D:2)
  26 orcs
  3 bats
  3 endoplasms
  2 giant cockroaches
  4 hobgoblins
  5 quokkas
  3 ball pythons (D:1)
  2 frilled lizards
  5 goblins
  3 kobolds
  4 rats
134 creatures vanquished.

Notes
Turn   | Place    | Note
-------+----------+-------------------------------------------
     0 | D:1      | Stomo the Ogre Transmuter began the quest for the Orb.
     0 | D:1      | Reached XP level 1. HP: 19/19 MP: 3/3
   620 | D:1      | Found a faded altar of an unknown god.
   816 | D:1      | Reached XP level 2. HP: 28/28 MP: 3/5
   951 | D:1      | Reached skill level 2 in Transmutations
  1605 | D:2      | Reached XP level 3. HP: 4/35 MP: 7/7
  2162 | D:2      | Reached XP level 4. HP: 39/44 MP: 8/8
  2712 | D:1      | Learned a level 3 spell: Spider Form
  3079 | D:3      | Found an iron altar of Okawaru.
  3512 | D:3      | Reached XP level 5. HP: 49/53 MP: 5/9
  4483 | D:3      | Found a white marble altar of Elyvilon.
  4660 | D:4      | Reached skill level 3 in Transmutations
  4858 | D:4      | Found a broken altar of Ashenzari.
  4981 | D:4      | Reached XP level 6. HP: 48/61 MP: 8/11
  5125 | D:4      | Reached skill level 4 in Transmutations
  5477 | D:5      | Entered Level 5 of the Dungeon
  5612 | D:5      | Found Ushrella's Assorted Antiques.
  5618 | D:5      | Reached XP level 7. HP: 67/67 MP: 8/13
  5664 | D:5      | Learned a level 4 spell: Ice Form
  5732 | D:5      | Reached skill level 5 in Transmutations
  5940 | D:5      | Found Tutiwoiz's Assorted Antiques.
  5945 | D:5      | Found Rulamuc's Magic Scroll Shop.
  6004 | D:5      | Found Fauherut's Jewellery Emporium.
  6035 | D:5      | Reached skill level 5 in Spellcasting
  6150 | D:5      | HP: 3/67 [hound (5)]
  6184 | D:4      | HP: 3/67 [sky beast (6)]
  6881 | D:6      | Reached skill level 6 in Transmutations
  7077 | D:6      | Reached XP level 8. HP: 60/75 MP: 11/16
  7124 | D:6      | Noticed Sigmund
  7132 | D:6      | Killed Sigmund
  7264 | D:6      | Found a hazy altar of Hepliaklqana.
  7327 | D:6      | Reached skill level 7 in Transmutations
  7605 | D:6      | Found Isyzxeox's Assorted Antiques.
  7778 | D:6      | Found a staircase to the Ecumenical Temple.
  7797 | Temple   | Entered the Ecumenical Temple
  7920 | Temple   | Became a worshipper of the Shining One
  8710 | D:7      | Noticed Pikel
  8743 | D:7      | Killed Pikel
  8744 | D:7      | Reached skill level 8 in Transmutations
  8744 | D:7      | Reached XP level 9. HP: 37/81 MP: 20/20
  9012 | D:7      | Noticed Joseph
  9032 | D:7      | Killed Joseph
  9526 | D:7      | Reached skill level 1 in Invocations
  9902 | D:7      | Noticed Harold
 10054 | D:9      | Noticed a troll
 10314 | D:8      | Reached skill level 5 in Fighting
 10853 | D:7      | Mangled by Harold

Illustrated notes

Levels and vault maps discovered:
D:1:      dpeg_arrival_signposts, layout_basic,
          hellmonk_ecumenical_altar_blasted, st_stairs_9, kennysheep_flooded_box
D:2:      layout_basic
D:3:      layout_loops_corners, nicolae_overflow_hidden_temple,
          dk_noncrumbling_4
D:4:      layout_rooms, ashenzari_altar_1
D:5:      layout_loops_ring, serial_shops, shop, nicolae_shop_hallway_stairs,
          shop, shop, due_unseen_surprise
D:6:      layout_loops_ring, overflow_temple_1_default,
          minmay_temple_entry_trees, serial_shops, nicolae_shop_window_shopping,
          uniq_sigmund
D:7:      layout_basic, serial_curves, eino_curves_03, eino_curves_03,
          uniq_pikel, uniq_joseph, uniq_harold
D:8:      layout_gridville, pdpol_wu_jian_five_deadly_venoms, enter_ossuary_1,
          serial_co_window_serial, co_window_corner_a, co_window_corner_a,
          co_window_corner_a, co_window_paths_b, co_window_corner_a,
          co_window_corner_a, co_window_paths_a, co_window_cross_1,
          co_window_paths_b, co_window_of_opportunity_b,
          co_window_of_opportunity_b, co_window_2corner,
          co_window_of_opportunity_b, co_window_cross_3, co_window_broadway_b,
          co_window_corner_ca, glass_columns_a
D:9:      minmay_goldmine, layout_cross, amcnicky_altar_gilded,
          erik_lair_island, chequers_serial_rivers_marsh
Temple:   regret_index_temple_waves

Skill      XL: |  1  2  3  4  5  6  7  8  9 |
---------------+----------------------------+-----
Dodging        | 2 4 |  4.0
Transmutations | 2 3 4 6 8 |  8.6
Fighting       | 2 3 5 |  5.4
Unarmed Combat | 3 4 |  4.4
Spellcasting   | 3 4 5 7 |  7.5
Invocations    | 3 |  3.4

Action                   |  1- 3 |  4- 6 |  7- 9 || total
-------------------------+-------+-------+-------++-------
Melee: Unarmed           |   106 |   154 |   300 ||   560
       Kick              |    16 |       |    12 ||    28
       Headbutt          |     4 |       |     6 ||    10
 Cast: Beastly Appendage |    19 |     2 |     5 ||    26
       Spider Form       |       |    23 |    25 ||    48
       Ice Form          |       |       |    12 ||    12
  Use: Potion            |     1 |       |     1 ||     2
       Scroll            |       |       |     1 ||     1
Armor: Robe              |    31 |    11 |    18 ||    60
       Skin              |       |     3 |    33 ||    36
Dodge: Dodged            |    51 |   111 |   224 ||   386
